 Dungeon Crawl Stone Soup version 0.17-a0-1718-g72dbe4d (webtiles) character file.

30 matakusis the Vexing (level 3, 0/24 HPs)
             Began as a Demonspawn Enchanter on Aug 24, 2015.
             Slain by Sigmund
             ... wielding a +0 scythe
              (6 damage)
             ... on level 2 of the Dungeon.
             The game lasted 00:07:42 (1884 turns).

matakusis the Vexing (Demonspawn Enchanter)         Turns: 1884, Time: 00:07:42

Health: 0/24       AC:  6    Str:  8    XL:     3   Next: 3%
Magic:  4/6        EV: 12    Int: 16    God:
Gold:   52         SH:  0    Dex: 14    Spells: 2 memorised, 2 levels left

rFire  . . .     SeeInvis .     a - +1 dagger
rCold  . . .     Clarity  .     b - +1 robe
rNeg   . . .     SustAt   .     (no shield)
rPois  .         Gourm    .     l - +2 helmet
rElec  .         Spirit   .     (no cloak)
rCorr  .         Warding  .     (no gloves)
rMut   .         Stasis   .     (no boots)
MR     .....                    (no amulet)
Stlth  ++........               (no ring)
                                (no ring)

@: not resistant to hostile enchantments, unstealthy
A: powered by pain 2
a: no special abilities


You were on level 2 of the Dungeon.
You were very hungry.

You visited 1 branch of the dungeon, and saw 2 of its levels.

You collected 52 gold pieces.

Inventory:

Hand weapons
 a - a +1 dagger (weapon)
Armour
 b - a +1 robe (worn)
 l - a +2 helmet (worn)
Scrolls
 g - 3 scrolls of remove curse {unknown}
Potions
 j - a potion of flight
Books
 c - a book of Maledictions

   Spells                             Type                      Level
   a - Corona                         Hexes                        1
   b - Ensorcelled Hibernation        Hexes/Ice                    2
   c - Confuse                        Hexes                        3
   d - Tukima's Dance                 Hexes                        3
   e - Dazzling Spray                 Conjuration/Hexes            3
Comestibles
 d - 2 bread rations
 i - a slice of pizza


   Skills:
 + Level 0.8 Short Blades
 + Level 1.8 Dodging
 * Level 3.3 Stealth
 + Level 2.1 Spellcasting
 * Level 3.5 Hexes


You had 2 spell levels left.
You knew the following spells:

 Your Spells              Type           Power        Failure   Level  Hunger
a - Corona                Hex            ##.....      6%          1    #......
b - Tukima's Dance        Hex            ##......     14%         3    ###....


Dungeon Overview and Level Annotations

Branches:
Dungeon (2/15)

Altars:

Annotations:
D:2 Natasha, Sigmund, Terence


Innate Abilities, Weirdness & Mutations

You sometimes gain power by taking damage.


Message History

You hit the bat but do no damage. The bat hits you but does no damage.
Your mace hits the goblin. You hit Terence.
Terence is moderately wounded.
The bat closely misses you. Terence hits you. The rat bites your mace.
Something hits you!
* * * LOW HITPOINT WARNING * * *
Deactivating autopickup; reactivate with Ctrl-A.
Drink which item? (? for menu, Esc to quit)
You feel better. The bat closely misses you. Terence hits you.
The rat bites your mace but does no damage.
The bat barely misses you. Terence barely misses you.
The rat barely misses your mace. The goblin hits you but does no damage.
Something hits you.
* * * LOW HITPOINT WARNING * * *
Your mace hits Terence. The bat hits you but does no damage.
Terence closely misses you.
The rat bites your mace but does no damage.
Something hits you.
You die...

#.....######.# #
.g.#..............
..####
.................#.
...... #...........
......
#.........#.##......
#..r......#..#... ..
#.(.......##.#@# ##
#.@b......##..g#
#.g@......###..#
########### #..#
#..# #..####
######>...#
#.......#.#
#.####.## # #.# #...
#.# #####


You could see Terence, a goblin, a bat, a rat and a friendly mace.

Vanquished Creatures
  A ball python (D:1)
  7 goblins
  5 hobgoblins (D:1)
  6 kobolds
  2 giant cockroaches (D:1)
  2 giant geckos (D:1)
  A giant newt (D:1)
  4 rats
28 creatures vanquished.

Notes
Turn   | Place    | Note
--------------------------------------------------------------
     0 | D:1      | matakusis the Demonspawn Enchanter began the quest for the Orb.
     0 | D:1      | Reached XP level 1. HP: 13/13 MP: 3/3
   399 | D:1      | Gained mutation: You sometimes gain a little power by taking damage. [demonic ancestry]
   399 | D:1      | Reached XP level 2. HP: 11/19 MP: 3/5
  1590 | D:2      | Gained mutation: You sometimes gain power by taking damage. [demonic ancestry]
  1590 | D:2      | Reached XP level 3. HP: 17/24 MP: 4/6
  1598 | D:2      | Learned a level 3 spell: Tukima's Dance
  1636 | D:2      | Noticed Natasha
  1639 | D:2      | Noticed Sigmund
  1660 | D:2      | Noticed Terence
  1884 | D:2      | Slain by Sigmund

Vault maps used:
D:1:      dpeg_arrival_rooms_a
D:2:      uniq_terence, uniq_sigmund, uniq_natasha

Action                   || total
-------------------------++-------
Melee: Dagger            ||    98
 Cast: Corona            ||    14
       Tukima's Dance    ||     1
  Use: Scroll            ||     4
       Potion            ||     3
 Stab: Sleeping          ||     4
  Eat: Chunk             ||     2
